 Dungeon Crawl Stone Soup version 0.28.0-45-g0d030f2227 (webtiles) character file.

Game seed: 10997266501217875699

23 Amplified the Magician (level 2, 0/21 HPs)
             Began as a Demonspawn Hedge Wizard on Apr 7, 2022.
             Slain by a kobold
             ... wielding a +0 short sword
              (2 damage)
             ... on level 1 of the Dungeon.
             The game lasted 00:01:40 (710 turns).

Amplified the Magician (Demonspawn Hedge Wizard)     Turns: 710, Time: 00:01:41

Health: 0/21       AC:  2    Str: 10    XL:     2   Next: 75%
Magic:  1/6        EV: 12    Int: 15    God:
Gold:   0          SH:  0    Dex: 12    Spells: 4/7 levels left

rFire   . . .      SeeInvis .   a - +0 dagger
rCold   . . .      Faith    .   (no shield)
rNeg    . . .      Spirit   .   b - +0 robe
rPois   .          Reflect  .   c - +0 hat
rElec   .          Harm     .   (no cloak)
rCorr   .          Rampage  .   (no gloves)
Will    .....                   (no boots)
Stlth   ++........              (no amulet)
HPRegen 0.07/turn               (no ring)
MPRegen 0.10/turn               (no ring)

@: attractive
A: powered by pain 1
a: no special abilities


You were on level 1 of the Dungeon.
You visited 1 branch of the dungeon, and saw 1 of its levels.

Inventory:

Hand Weapons
 a - a +0 dagger (weapon)
Armour
 b - a +0 robe (worn)
 c - a +0 hat (worn)


   Skills:
 * Level 1.0 Fighting
 * Level 2.1 Dodging
 - Level 1.7 Stealth
 * Level 3.2 Spellcasting
 * Level 1.5 Conjurations
 * Level 1.1 Summonings
 - Level 0.8 Translocations


You had 4 spell levels left.
You knew the following spells:

 Your Spells              Type           Power      Damage    Failure   Level
a - Magic Dart            Conj           28%        1d4       11%         1
b - Call Imp              Summ           5%         N/A       19%         2

Your spell library contained the following spells:

 Spells                   Type           Power      Damage    Failure   Level
 Slow                     Hex            8%         N/A       21%         1
 Blink                    Tloc           8%         N/A       22%         2
 Conjure Flame            Conj/Fire      4%         6-21      41%         3
 Mephitic Cloud           Conj/Pois/Air  3%         N/A       43%         3


Dungeon Overview and Level Annotations

Branches:
Dungeon (1/15)

Altars:


Innate Abilities, Weirdness & Mutations

You sometimes gain a little power by taking damage.


Message History

It was a potion of attraction.
You feel attractive to monsters. The kobold is attracted toward you.
The kobold throws a stone.
The stone barely misses you. The kobold is attracted toward you.
Casting: Magic Dart (safe; 11% risk of failure)
Confirm with . or Enter, or press ? or * to list all spells.
Aiming: Magic Dart (safe; 11% risk of failure)
Press: ? - help, Shift-Dir - straight line, f/p - kobold
Aim: a kobold, wielding a +0 short sword and quivering stones (heavily wounded, 100% to hit)
The magic dart hits the kobold but does no damage.
The kobold is heavily wounded.
The kobold hits you with a +0 short sword.
* * * LOW HITPOINT WARNING * * *
You aren't carrying any items that you can evoke.
Unknown command.
As you read the scroll labelled ZIEPPE OMIMASS, it crumbles to dust.
It is a scroll of identify.
f - a scroll of summoning The kobold misses you.
As you read the scroll of summoning, it crumbles to dust.
Wisps of shadow whirl around you...
The kobold hits you with a +0 short sword.
* * * LOW HITPOINT WARNING * * *
Unknown command.
Your bat closely misses the kobold.
Your goblin hits the kobold but does no damage.
Unknown command.
You hit the kobold.
The kobold is severely wounded.
Your bat hits the kobold but does no damage.
The kobold closely misses your bat.
Your goblin misses the kobold.
Your goblin closely misses the kobold.
Unknown command.
Unknown command.
You closely miss the kobold.
The kobold is severely wounded.
Your bat closely misses the kobold.
The kobold hits you with a +0 short sword.
You die...

..# ..#...# #############
..#...# ##.....#.....##
..#...####.............##
..#...#.............)...#
.†#.....................#
..#............g........#
..#....#......gK@.......#
...)...........g........##
..#....#.#.....b.........#
................#........#
....##...#...............#
.##.##...................#
.#...........##'##.......#
.............#.).#.......#
....##.#...###.⌠.###.....#


You could see a kobold (ally target), 3 friendly goblins and a friendly bat
(summoned).

Vanquished Creatures
  A gnoll (D:1)
  An endoplasm (D:1)
  A goblin (D:1)
  3 hobgoblins (D:1)
  A kobold (D:1)
  A quokka (D:1)
  A frilled lizard (D:1)
  4 rats (D:1)
13 creatures vanquished.

Notes
Turn   | Place    | Note
-------+----------+-------------------------------------------
     0 | D:1      | Amplified the Demonspawn Hedge Wizard began the quest for
                  | the Orb.
     0 | D:1      | Reached XP level 1. HP: 13/13 MP: 4/4
   369 | D:1      | Gained mutation: You sometimes gain a little power by
                  | taking damage. [demonic ancestry]
   369 | D:1      | Reached XP level 2. HP: 18/20 MP: 1/6
   599 | D:1      | Learned a level 2 spell: Call Imp
   635 | D:1      | Reached skill level 1 in Fighting
   710 | D:1      | Slain by a kobold

Illustrated notes

Levels and vault maps discovered:
D:1:      dpeg_arrival_simpleton_c, layout_rooms

Skill      XL: |  1  2 |
---------------+-------+-----
Dodging        | 2 |  2.1
Fighting       | 1 |  1.0
Stealth        | |  1.7
Spellcasting   | |  3.2
Conjurations   | |  1.5
Summonings     | |  1.1
Translocations | |  0.8

Action                   || total
-------------------------++-------
Melee: Dagger            ||    26
 Cast: Magic Dart        ||    35
       Call Imp          ||     1
  Use: Scroll            ||     2
       Potion            ||     1
Armor: Robe              ||     4
Dodge: Dodged            ||    13
